 Dungeon Crawl Stone Soup version 0.29-a0-483-g69413ace17 (webtiles) character file.

Game seed: 7633450021136366122

43 Spectrina the Ducker (level 3, 0/22 HPs)
             Began as a Deep Elf Monk on May 23, 2022.
             Slain by an orc
             ... wielding a +0 short sword
              (2 damage)
             ... on level 3 of the Dungeon on May 26, 2022.
             The game lasted 00:08:41 (739 turns).

Spectrina the Ducker (Deep Elf Monk)                 Turns: 739, Time: 00:08:42

Health: 0/22       AC:  3    Str:  8    XL:     3   Next: 37%
Magic:  6/6        EV: 13    Int: 16    God:
Gold:   75         SH:  0    Dex: 17    Spells: 3/4 levels left

rFire   . . .      SeeInvis .   e - +0 trident
rCold   . . .      Faith    .   (no shield)
rNeg    . . .      Spirit   .   b - +0 robe
rPois   .          Reflect  .   (no helmet)
rElec   .          Harm     .   (no cloak)
rCorr   .          Rampage  .   d - +0 pair of gloves
Will    .....                   (no boots)
Stlth   ++........              (no amulet)
HPRegen 0.07/turn               (no ring)
MPRegen 0.10/turn               (no ring)

@: no status effects
A: no striking features
a: no special abilities


You were on level 3 of the Dungeon.
You visited 1 branch of the dungeon, and saw 4 of its levels.

You collected 75 gold pieces.

Inventory:

Hand Weapons
 a - a +0 spear
 e - a +0 trident (weapon)
Missiles
 f - 67 stones
 g - 3 boomerangs (quivered)
Armour
 b - a +0 robe (worn)
 d - a +0 pair of gloves (worn)
 o - the +0 ring mail "Podorr" {-Tele Will+ Int-2 Dex+3 SInv}
   (You found it on level 3 of the Dungeon)

   Int:       It affects your intelligence (-2).
   Dex:       It affects your dexterity (+3).
   SInv:      It lets you see invisible.
   -Tele:     It prevents most forms of teleportation.
   Will:      It increases your willpower.
Scrolls
 c - a scroll of identify {unknown}
 h - 2 scrolls of magic mapping {unknown}
 i - a scroll of enchant armour {unknown}
 j - a scroll of summoning {unknown}
 m - 2 scrolls of fog {unknown}
 n - a scroll of amnesia {unknown}
 p - a scroll of brand weapon {unknown}
Potions
 k - a potion of curing {unknown}
 l - a potion of ambrosia
 q - a potion of might {unknown}


   Skills:
 - Level 2.4 Fighting
 - Level 2.5 Polearms
 - Level 3.6 Dodging
 - Level 2.4 Stealth
 + Level 1.1 Spellcasting
 + Level 2.5 Conjurations


You had 3 spell levels left.
You knew the following spells:

 Your Spells              Type           Power      Damage    Failure   Level
q - Magic Dart            Conj           32%        1d4       9%          1

Your spell library contained the following spells:

 Spells                   Type           Power      Damage    Failure   Level
 Searing Ray              Conj           16%        2d5       12%         2
 Fulminant Prism          Conj/Hex       2%         3d6       80%         4


Dungeon Overview and Level Annotations

Branches:
Dungeon (4/15)
 Temple: D:4-7

Altars:

Shops:
D:3 !


Message History

h - 2 scrolls labelled CEW PULIRAINE (gained 1)
m - 2 scrolls labelled FOBRETEMPEU (gained 1)
You now have 75 gold pieces (gained 11).
There is an open door here.
Okay, then.
You open the door. You open the door.
An orc comes into view. It is wielding a +0 short sword.
Casting: Magic Dart (safe; 9% risk of failure)
Confirm with . or Enter, or press ? or * to list all spells.
Okay, then.
The orc shouts!
Reach: e) +0 trident
Press: ? - help, Dir - move target, f - orc
Aim: an orc, wielding a +0 short sword and wearing a +0 scale mail (about 36% to evade your +0 trident)
Okay, then.
You hit the orc.
The orc is lightly wounded.
The orc hits you with a +0 short sword.
You hit the orc but do no damage. The orc hits you with a +0 short sword.
You barely miss the orc. The orc hits you with a +0 short sword.
You closely miss the orc. The orc hits you with a +0 short sword.
* * * LOW HITPOINT WARNING * * *
You closely miss the orc. The orc closely misses you.
The orc hits you with a +0 short sword.
* * * LOW HITPOINT WARNING * * *
You hit the orc.
The orc is heavily wounded.
The orc misses you.
You completely miss the orc.
The orc is heavily wounded.
The orc misses you.
You closely miss the orc.
The orc is heavily wounded.
The orc hits you with a +0 short sword.
* * * LOW HITPOINT WARNING * * *
You barely miss the orc.
The orc is heavily wounded.
The orc hits you with a +0 short sword.
You die...

###########.#
#.# #.# #.# #.#
.# ##
#############.#
..
#........@o...#
.#
#.####.####.###
.# #..'.'..#.#
.## #⌠.#.#..#.#
..#
#.####.##+#.#
..#
#...........#
..#
#.####.##+#.#
..# #..'.'..#.#
..# #..#.#..#.#


You could see an orc.

Vanquished Creatures
  A dart slug (D:3)
  2 endoplasms
  A giant cockroach (D:3)
  5 goblins
  5 hobgoblins
  9 jackals
  2 quokkas
  4 bats
  3 frilled lizards
  2 kobolds
34 creatures vanquished.

Notes
Turn   | Place    | Note
-------+----------+-------------------------------------------
     0 | D:1      | Spectrina the Deep Elf Monk began the quest for the Orb.
     0 | D:1      | Reached XP level 1. HP: 13/13 MP: 3/3
   148 | D:1      | Reached XP level 2. HP: 15/18 MP: 4/4
   150 | D:1      | Upgraded the game from 0.29-a0-474-gdfe5cd140f to
                  | 0.29-a0-477-g62b78b4225
   184 | D:1      | Reached skill level 1 in Conjurations
   205 | D:1      | Learned a level 1 spell: Magic Dart
   408 | D:2      | Reached XP level 3. HP: 11/22 MP: 0/5
   425 | D:3      | Found Ynygys's Distillery.
   433 | D:3      | Upgraded the game from 0.29-a0-477-g62b78b4225 to
                  | 0.29-a0-483-g69413ace17
   646 | D:3      | Identified the +0 ring mail "Podorr" {-Tele Will+ Int-2
                  | Dex+3 SInv}
   657 | D:3      | Reached skill level 1 in Spellcasting
   739 | D:3      | Slain by an orc

Illustrated notes

Levels and vault maps discovered:
D:1:      dpeg_arrival_leaves_temple_mockup, layout_rooms
D:2:      layout_loops_ring, serial_shops, nicolae_diamond_shop
D:3:      minmay_door_path, layout_loops_ring,
          mainiacjoe_overflow_small_starburst,
          shapermc_ecumenical_altar_starsandcircs, serial_shops, shop,
          uniq_jessica, uniq_grinder
D:4:      layout_basic, lemuel_tele_altar, kennysheep_little_box,
          minmay_shop_enchanted_jewellery

Skill      XL: |  1  2  3 |
---------------+----------+-----
Conjurations   | 2 |  2.5
Spellcasting   | 1 |  1.1
Fighting       | |  2.4
Polearms       | |  2.5
Dodging        | |  3.6
Stealth        | |  2.4

Action                   || total
-------------------------++-------
Melee: Trident           ||   113
Throw: Stone             ||     1
 Cast: Magic Dart        ||    25
  Use: Potion            ||     2
 Stab: Sleeping          ||     5
Armor: Robe              ||    26
Dodge: Dodged            ||    71

Table legend: (Time is in decaauts)
 A = Elapsed time spent in this place.
 B = Non-inter-level travel time spent in this place.
 C = Inter-level travel time spent in this place.
 D = Time resting spent in this place.
 E = Time spent auto-exploring this place.
 F = Levels seen in this place.
 G = Mean time per level.
                   A        B        C        D        E       F      G
               +--------+--------+--------+--------+--------+-----+--------+
         Total |    759 |    733 |     26 |      0 |      0 |   4 |  189.8 |
       Dungeon |    759 |    733 |     26 |      0 |      0 |   4 |  189.8 |
               +--------+--------+--------+--------+--------+-----+--------+

Top non-repeatable levels by time:
     D:3: 320 daAuts
     D:1: 304 daAuts
     D:2: 118 daAuts
     D:4: 15 daAuts
